 Dungeon Crawl Stone Soup version 0.21.1-1-g345015f (webtiles) character file.

3222 homeworkjunkie the Cleaver (level 9, -6/71 HPs)
             Began as a Hill Orc Fighter on Mar 7, 2018.
             Mangled by a large slime creature (26 damage)
             ... on level 8 of the Dungeon.
             The game lasted 00:13:28 (7591 turns).

homeworkjunkie the Cleaver (Hill Orc Fighter)       Turns: 7591, Time: 00:13:29

Health: -6/71      AC: 18    Str: 21    XL:     9   Next: 98%
Magic:  11/11      EV:  7    Int:  8    God:
Gold:   412        SH: 11    Dex: 11    Spells: 8/8 levels left

rFire    . . .     SeeInvis +   a - +1 war axe
rCold    . . .     Gourm    .   c - +0 shield
rNeg     . . .     Faith    .   p - +0 chain mail
rPois    .         Spirit   .   i - +1 helmet
rElec    .         Reflect  .   s - +0 cloak
rCorr    .         Harm     .   u - +0 pair of gloves
MR       .....     Rnd*Tele +   t - +0 pair of boots
Stlth    ..........             (no amulet)
HPRegen  0.21/turn              l - +2 ring of protection
MPRegen  0.12/turn              o - ring of see invisible

@: no status effects
A: frail 1, teleportitis 1, wild magic 1, no potion heal 1
a: no special abilities


You were on level 8 of the Dungeon.
You were not hungry.

You visited 2 branches of the dungeon, and saw 10 of its levels.

You collected 412 gold pieces.

Inventory:

Hand Weapons
 a - a +1 war axe (weapon)
Armour
 c - a +0 shield (worn)
 i - a +1 helmet (worn)
 p - a +0 chain mail (worn)
 s - a +0 cloak (worn)
 t - a +0 pair of boots (worn)
 u - a +0 pair of gloves (worn)
Jewellery
 e - an uncursed ring of resist corrosion
 l - a +2 ring of protection (left hand)
 m - an uncursed ring of positive energy
 o - a ring of see invisible (right hand)
Wands
 q - a wand of paralysis (2)
 w - a wand of acid (8)
Scrolls
 d - 4 scrolls of magic mapping
 f - 10 scrolls of identify
 g - 4 scrolls of remove curse
 k - 3 scrolls of teleportation
Potions
 b - a potion of might
 h - 2 potions of brilliance
 n - a potion of curing
 r - a potion of heal wounds
Comestibles
 j - 15 rations


   Skills:
 * Level 7.0 Fighting
 * Level 11.4 Axes
 * Level 7.2 Armour
 + Level 1.5 Dodging
 + Level 1.2 Stealth
 * Level 7.2 Shields
 * Level 2.7 Evocations


You had 8 spell levels left.
You didn't know any spells.

Dungeon Overview and Level Annotations

Branches:
Dungeon (9/15)             Temple (1/1) D:5
   Lair: D:8-11         Orc: D:9-12

Altars:
Elyvilon
Fedhas
Gozag
Hepliaklqana
Kikubaaqudgha
Makhleb
Nemelex Xobeh
Qazlal
Ru
Sif Muna
Trog
Uskayaw
Vehumet
Wu Jian
Xom
Yredelemnul
Zin
The Shining One


Innate Abilities, Weirdness & Mutations

You are frail. (-10% HP)
You are occasionally teleported next to monsters.
Your spells are a little harder to cast, but a little more powerful.
Potions are less effective at restoring your health.


Message History

You are too injured to fight recklessly!
You are too injured to fight recklessly!
You are too injured to fight recklessly!
You are too injured to fight recklessly!
You are too injured to fight recklessly!
You are too injured to fight recklessly!
You are too injured to fight recklessly!
You are too injured to fight recklessly!
You are too injured to fight recklessly!
You are too injured to fight recklessly!
You are too injured to fight recklessly!
You are too injured to fight recklessly!
You are too injured to fight recklessly!
You are too injured to fight recklessly!
You are too injured to fight recklessly!
You are too injured to fight recklessly!
You hit the large slime creature.
The large slime creature is lightly wounded.
The large slime creature hits you!!
You die...

....... ......# ####.##
# #. ....... #.#.##
####.## ##.#.#. .......
......## .
##########.#..... ...
.........#.#...####.....
..#.............@J......
..............#.######..
..##.................#
.......#........####.#
.............÷..####.#
.....÷.............#.#
..#..#.###.#.#.......#
..##.#...........#...#
...<..####>#.#.......#


You could see a large slime creature.

Vanquished Creatures
  A hippogriff (D:7)
  Sigmund (D:4)
  A spriggan (D:7)
  A wyvern (D:8)
  Eustachio (D:4)
  Menkaure (D:4)
  Duvessa (D:5)
  An orc warrior (D:7)
  An ice beast (D:8)
  2 phantoms
  An ogre (D:8)
  3 centaurs (D:5)
  3 bullfrogs
  5 scorpions
  Dowan (D:5)
  6 killer bees (D:7)
  A howler monkey (D:5)
  2 crimson imps (D:5)
  A centaur zombie (D:7)
  2 hounds
  3 orc wizards
  2 bullfrog skeletons
  Crazy Yiuf (D:5)
  Natasha (thrice) (D:4)
  5 worker ants
  A killer bee zombie (D:6)
  A hound skeleton (D:7)
  A worker ant zombie (D:4)
  7 adders
  2 shadow imps (D:5)
  An ooze (D:2)
  3 adder skeletons (D:7)
  8 worms
  A dart slug (D:3)
  4 leopard geckos
  16 orcs
  A ball python (D:1)
  A bat zombie (D:6)
  7 giant cockroaches
  7 goblins
  7 hobgoblins
  5 jackals
  2 quokkas
  5 bats
  4 frilled lizards
  6 kobolds
  2 leopard gecko skeletons
  4 rats
  A spectral orc (D:6)
147 creatures vanquished.

Vanquished Creatures (others)
  2 worker ants (D:7)
2 creatures vanquished.

Grand Total: 149 creatures vanquished

Notes
Turn   | Place    | Note
-------+----------+-------------------------------------------
     0 | D:1      | homeworkjunkie the Hill Orc Fighter began the quest for the Orb.
     0 | D:1      | Reached XP level 1. HP: 19/19 MP: 1/1
   174 | D:2      | Reached XP level 2. HP: 21/27 MP: 2/2
   432 | D:4      | Noticed Eustachio
   432 | D:4      | Noticed a scorpion
   443 | D:4      | Killed a scorpion
   443 | D:4      | Reached skill level 3 in Axes
   443 | D:4      | Reached XP level 3. HP: 22/34 MP: 3/3
   443 | D:4      | Reached XP level 4. HP: 27/41 MP: 4/4
   453 | D:4      | Killed Eustachio
   453 | D:4      | Reached skill level 4 in Axes
   453 | D:4      | Reached XP level 5. HP: 14/47 MP: 5/5
   597 | D:4      | Noticed Menkaure
   615 | D:4      | Killed Menkaure
   615 | D:4      | Reached skill level 5 in Axes
   615 | D:4      | Reached XP level 6. HP: 6/53 MP: 6/6
  1110 | D:2      | Found an opulent altar of Gozag.
  2132 | D:3      | Gained mutation: Potions are less effective at restoring your health. [potion of mutation]
  2132 | D:3      | Gained mutation: You are occasionally teleported next to monsters. [potion of mutation]
  2132 | D:3      | Gained mutation: You are frail. (-10% HP) [potion of mutation]
  2132 | D:3      | Gained mutation: Your spells are a little harder to cast, but a little more powerful. [potion of mutation]
  2180 | D:4      | Reached skill level 6 in Axes
  2180 | D:4      | Reached XP level 7. HP: 51/54 MP: 7/7
  2270 | D:5      | Entered Level 5 of the Dungeon
  2276 | D:5      | Reached skill level 5 in Armour
  2292 | D:5      | Reached skill level 5 in Fighting
  2292 | D:5      | Reached skill level 5 in Shields
  2423 | D:4      | Reached skill level 1 in Dodging
  2556 | D:4      | Noticed Sigmund
  2569 | D:4      | Reached skill level 7 in Axes
  2576 | D:4      | Killed Sigmund
  2576 | D:4      | Reached XP level 8. HP: 32/62 MP: 8/8
  2758 | D:4      | Found an ornate altar of the Wu Jian Council.
  2774 | D:5      | Noticed Duvessa
  2774 | D:5      | Noticed Dowan
  2789 | D:5      | Killed Dowan
  2794 | D:5      | Killed Duvessa
  2794 | D:5      | Reached skill level 8 in Axes
  2821 | D:5      | Found a staircase to the Ecumenical Temple.
  2853 | Temple   | Entered the Ecumenical Temple
  3057 | D:5      | Reached skill level 9 in Axes
  4163 | D:4      | Noticed Natasha
  4166 | D:4      | Killed Natasha
  4309 | D:4      | Noticed Natasha
  4318 | D:4      | Killed Natasha
  4376 | D:4      | Noticed Natasha
  4385 | D:4      | Killed Natasha
  4787 | D:6      | Found a basalt altar of Yredelemnul.
  5075 | D:5      | Found a runed door.
  5079 | D:5      | Noticed Crazy Yiuf
  5083 | D:5      | Killed Crazy Yiuf
  5165 | D:6      | Found an ancient bone altar of Kikubaaqudgha.
  5221 | D:6      | Found a hide-covered altar of Uskayaw.
  5222 | D:6      | Noticed a hand axe
  5222 | D:6      | Noticed a hand axe
  5234 | D:6      | Reached XP level 9. HP: 60/67 MP: 9/9
  5271 | D:6      | Reached skill level 10 in Axes
  5422 | D:6      | Found a bloodstained altar of Trog.
  5477 | D:7      | Found a shimmering altar of Xom.
  5623 | D:6      | Reached skill level 1 in Evocations
  6532 | D:7      | Reached skill level 1 in Stealth
  6841 | D:8      | Reached skill level 11 in Axes
  7591 | D:8      | Mangled by a large slime creature

Skill      XL: |  1  2  3  4  5  6  7  8  9 |
---------------+----------------------------+-----
Fighting       | 4 5 6 7 |  7.0
Axes           | 3 4 5 6 7 9 11 | 11.4
Shields        | 4 5 6 7 |  7.2
Armour         | 4 5 6 7 |  7.2
Dodging        | 1 |  1.5
Evocations     | 2 |  2.7
Stealth        | 1 |  1.2

Action                   |  1- 3 |  4- 6 |  7- 9 || total
-------------------------+-------+-------+-------++-------
Melee: War axe           |    56 |   127 |   458 ||   641
Evoke: Wand              |       |       |     7 ||     7
  Use: Potion            |     2 |     5 |     4 ||    11
       Scroll            |     1 |     6 |     2 ||     9
 Stab: Paralysed         |       |       |     9 ||     9
  Eat: Ration            |     1 |     1 |     5 ||     7
Armor: Scale mail        |    21 |    55 |    45 ||   121
       Chain mail        |       |       |   139 ||   139
Dodge: Dodged            |    18 |    42 |   115 ||   175
Block: Shield            |    30 |    64 |   215 ||   309
